AoeStats
← Bornvibe

Arabia

508816642Analyzed
1v1 RM · 7d ago on Sep 24, 2026· 45m 6s· 2 players
Game mode
Random Map
Map size
Tiny (2 player)
Population
200
Speed
Normal
Resources
Standard
Victory
Conquest
Starting age
Dark Age
Ending age
Imperial Age
RankedLock teamsTeams togetherTeam positionsShared explorationLock speedFull tech treeHidden civsTurbo modeCheats
Victory
Defeat
🇲🇽 Magyars · Mexico
786
+18
🇦🇺 Vietnamese · Australia
840
-18
Caracol I
10:51 Feudal Age
11:16 Double-Bit Axe
18:38 Wheelbarrow
21:08 Castle Age
19:57 Fletching
21:35 Scale Barding Armor
23:47 Bodkin Arrow
24:21 Ballistics
33:07 Hand Cart
36:53 Imperial Age
34:25 Light Cavalry
35:42 Bloodlines
37:25 Hussar
37:54 Horse Collar
39:03 Husbandry
40:29 Loom
Bornvibe
3:31 Loom
9:48 Feudal Age
10:21 Double-Bit Axe
10:20 Horse Collar
11:48 Wheelbarrow
16:18 Fletching
21:20 Castle Age
21:05 Forging
22:57 Gold Mining
23:43 Padded Archer Armor
25:23 Crossbowman
25:56 Elite Skirmisher
28:37 Leather Archer Armor
28:18 Bodkin Arrow
28:25 Scale Mail Armor
28:28 Squires
30:08 Thumb Ring
30:02 Stone Mining
33:37 Man-at-Arms
34:03 Arson
33:40 Pikeman
34:55 Ballistics
37:07 Imperial Age
36:04 Bow Saw
39:13 Hand Cart
41:08 Bracer
Connection lost

Rejoining the realm…

Still unreachable

The connection could not be restored.

Session expired

The server has moved on; the page needs a fresh start.